details: 'i meet barcode again'

« prev index next »

General information

Mini Map

Players

team 1
Random» Humanrainboy (teal | 39 APM | 184 actions | 04:40)
Hero icon 2 Archmage
Ability icon 1 Blizzard
Ability icon 1 Brilliance Aura

» actions
Build / train19
Enter build submenu10
Enter hero's abilities submenu2
Right click82
Select / deselect57
Use ability14
184 total
» units
Peasant10
Footman3
13 total
» buildings
Farm5
Altar of Kings1
Barracks1
Arcane Vault1
Scout Tower1
Arcane Tower1
Keep1
11 total
» build order
00:20 Farm
00:30 Altar of Kings
01:08 Farm
01:42 Barracks
01:48 Farm
02:02 Arcane Vault
02:17 Scout Tower
02:30 Farm
02:55 Farm
03:12 Arcane Tower
04:09 Keep
Random» NightElfCeleii (pink | 18 APM | 84 actions | 04:40)
Hero icon 1 Keeper of the Grove
Ability icon 1 Entangling Roots

» actions
Build / train14
Enter build submenu6
Enter hero's abilities submenu1
Remove unit from queue1
Right click28
Select / deselect26
Use ability8
84 total
» units
Wisp7
Archer4
11 total
» buildings
Altar of Elders1
Moon Well3
Ancient of War2
6 total
» build order
01:24 Altar of Elders
01:30 Moon Well
01:39 Ancient of War
01:47 Ancient of War
02:01 Moon Well
02:53 Moon Well
NightElfMillah (green | 20 APM | 95 actions | 04:40)
Hero icon 1 Warden
Ability icon 1 Fan of Knives

» actions
Assign group hotkey3
Build / train12
Enter build submenu8
Enter hero's abilities submenu1
Right click22
Select / deselect36
Select group hotkey6
Use ability7
95 total
» units
Wisp9
9 total
» buildings
Altar of Elders1
Moon Well3
Hunter's Hall1
Ancient of War2
Tree of Ages1
8 total
» build order
01:11 Altar of Elders
01:23 Moon Well
01:35 Hunter's Hall
02:43 Moon Well
03:32 Ancient of War
03:35 Ancient of War
04:02 Moon Well
04:13 Tree of Ages
HumanIIIllIIlIIIIlll (red | 56 APM | 262 actions | 04:40)
Hero icon 1 Archmage
Ability icon 1 Blizzard

» actions
Assign group hotkey8
Build / train21
ESC pressed5
Enter build submenu10
Enter hero's abilities submenu1
Right click92
Select / deselect67
Select group hotkey45
Use ability13
262 total
» units
Peasant10
Footman8
18 total
» buildings
Barracks1
Altar of Kings1
Farm5
Scout Tower1
Arcane Tower1
9 total
» build order
00:08 Barracks
00:10 Altar of Kings
00:14 Farm
00:57 Scout Tower
01:40 Farm
02:19 Farm
02:21 Arcane Tower
03:00 Farm
03:39 Farm
team 2
Random» Orcmrs.monkey.face (yellow | 39 APM | 51 actions | 01:18)

» actions
Build / train4
Enter build submenu3
Right click21
Select / deselect20
Use ability3
51 total
» units
Peon4
4 total
» buildings
Altar of Storms1
Orc Burrow1
2 total
» build order
00:16 Altar of Storms
00:19 Orc Burrow
Random» OrcGAMERUINERIDIOT (orange | 35 APM | 163 actions | 04:41)

» actions
Basic commands22
Build / train1
Right click81
Select / deselect41
Use ability18
163 total
» units
Peon1
1 total
Random» Mmaddog (purple | 11 APM | 6 actions | 00:33)

» actions
Right click3
Select / deselect3
6 total
Random» bosox07 (blue | 0 APM | 0 actions | 04:41)

Chat log

(00:06 / All) IIIllIIlIIIIlll: CRY MORE CRY MORE CRY MORE CRY MORE CRY MORE
(00:12 / All) GAMERUINERIDIOT: lol
(00:29 / Allies) Mmaddog: lol

(01:55 / All) GAMERUINERIDIOT: hey barcode guy
(02:01 / All) GAMERUINERIDIOT: i challenge you to a real life fight
(02:03 / All) IIIllIIlIIIIlll: sup stupid
(02:04 / All) GAMERUINERIDIOT: you puissy!
(02:08 / All) IIIllIIlIIIIlll: ok
(02:11 / All) IIIllIIlIIIIlll: im in DC
(02:19 / All) GAMERUINERIDIOT: we can meet at a gym by ur house
(02:26 / All) IIIllIIlIIIIlll: ok
(02:28 / All) GAMERUINERIDIOT: u pay for half of my gas expenses
(02:34 / All) IIIllIIlIIIIlll: why?
(02:40 / All) GAMERUINERIDIOT: we will fight a best of 3, wrestling, boxing and tongue wrestling
(02:54 / All) IIIllIIlIIIIlll: u scared?
(02:57 / All) GAMERUINERIDIOT: no you are
(03:05 / All) IIIllIIlIIIIlll: ok when?
(03:07 / All) GAMERUINERIDIOT: i bet youre black
(03:14 / All) GAMERUINERIDIOT: on valentines day
(03:16 / All) GAMERUINERIDIOT: at high noon
(03:23 / All) IIIllIIlIIIIlll: idiot
(03:28 / All) GAMERUINERIDIOT: pussy
(03:34 / All) IIIllIIlIIIIlll: ok
(03:36 / All) IIIllIIlIIIIlll: v day
(03:48 / All) IIIllIIlIIIIlll: i must have hurt u
(03:49 / All) GAMERUINERIDIOT: you will get a kiss on vday for the first time when you kiss your ass goodbye
(03:56 / All) IIIllIIlIIIIlll: youre poor
(03:58 / All) IIIllIIlIIIIlll: im rich
(04:00 / All) IIIllIIlIIIIlll: remember that
(04:09 / All) GAMERUINERIDIOT: you live in your parents basement
(04:13 / All) GAMERUINERIDIOT: and they ground you when you curse
(04:17 / All) IIIllIIlIIIIlll: go see my money on youtube
(04:23 / All) IIIllIIlIIIIlll: youtube/saiga762x39mm
(04:25 / All) GAMERUINERIDIOT: your mommy?
(04:31 / All) GAMERUINERIDIOT: what is saiga an anime?
(04:34 / All) GAMERUINERIDIOT: gay pussy
(04:39 / All) IIIllIIlIIIIlll: a rifle idiot